 Dungeon Crawl Stone Soup version bcrawl-1.28 (webtiles) character file.

Game seed: 15957478367498699910

113480 MisterOstroum the Chiller (level 4, -1/26 HPs)
             Began as an Avariel Ice Elementalist on Nov 23, 2020.
             Slain by an orc
             ... wielding a cursed -1 club
              (7 damage)
             ... on level 3 of the Dungeon.
             The game lasted 00:03:29 (1836 turns).

MisterOstroum the Chiller (AvIE)                    Turns: 1836, Time: 00:03:29

Health: -1/26      AC:  2    Str:  6    XL:     4   Next: 12%
Magic:  10/10      EV: 12    Int: 22    God:
Gold:   102        SH:  0    Dex: 13    Spells: 3/9 levels left

rFire    x . .     SeeInvis .   a - +1 dagger
rCold    + . .     Gourm    .   (no shield)
rNeg     . . .     Faith    .   i - +0 robe
rPois    +         Spirit   .   (no helmet)
rElec    .         Reflect  .   (no cloak)
rCorr    .         Harm     .   (no gloves)
MR       .....                  (no boots)
Stlth    ++........             (no amulet)
HPRegen  0.08/turn              v - ring of Ewura {Ice rPois}
MPRegen  0.12/turn              (no ring)

@: very slightly contaminated
A: no striking features
a: no special abilities


You were on level 3 of the Dungeon.
You were hungry.

You visited 1 branch of the dungeon, and saw 3 of its levels.

You collected 102 gold pieces.

Inventory:

Hand Weapons
 a - a +1 dagger (weapon)
 m - a +0 falchion of flaming
 p - a +2 falchion of freezing
 t - a +3 dagger
 y - a +2 trident of venom
Missiles
 b - 292 arrows
 d - 387 stones (quivered)
 l - 54 poisoned tomahawks
 w - 122 javelins
Armour
 f - a +0 leather armour
 i - a +0 robe (worn)
 x - a +1 pair of gloves
Jewellery
 v - the ring of Ewura (left hand) {Ice rPois}
   (You found it on level 3 of the Dungeon)

   [ring of ice]

   It enhances your ice magic.
   It makes you vulnerable to fire.
   It protects you from cold.
   It protects you from poison.
Wands
 c - a wand of iceblast (1)
Scrolls
 g - a scroll of fog {unknown}
 h - 4 scrolls of identify {@r1}
 j - 2 scrolls of immolation
 k - a scroll of blinking {@r4}
 n - a scroll of fear {unknown}
 o - a scroll of magic mapping {unknown}
 q - a scroll of noise {unknown}
 r - a scroll of enchant armour
 s - a scroll of enchant weapon
 u - a scroll of remove curse {@r2}
Comestibles
 e - 6 rations {!d}


   Skills:
 - Level 2.0 Fighting
 - Level 2.1 Dodging
 + Level 2.6 Stealth
 + Level 3.2 Spellcasting
 * Level 1.5 Conjurations
 * Level 0.4 Charms
 - Level 3.5 Ice Magic


You had 3 spell levels left.
You knew the following spells:

 Your Spells              Type           Power        Failure   Level  Hunger
a - Freeze                Ice            ####..       3%          1    None
b - Throw Frost           Conj/Ice       ###...       2%          2    #......
c - Ozocubu's Armour      Chrm/Ice       ###.....     16%         3    ####...

Your spell library contained the following spells:

 Spells                   Type           Power        Failure   Level  Hunger
 Throw Icicle             Conj/Ice       ###.....     41%         4    #####..
 Ice Form                 Ice/Tmut       ###.....     52%         4    #####..
 Summon Ice Beast         Ice/Summ       ###.....     52%         4    #####..


Dungeon Overview and Level Annotations

Branches:
Dungeon (3/12)

Altars:


Message History

You kill the orc!
Training target 3.0 for Ice Magic reached!
You have reached level 4!
You feel clever.
w - 122 javelins You see here a cursed -1 short sword.
x - a pair of gloves You see here a runed trident.
y - a runed trident A leopard gecko comes into view.
A leopard gecko is nearby!
An orc comes into view. 2 orcs come into view.
An orc is wielding a +0 dagger and quivering 53 poisoned tomahawks.
The orc shouts! x3; You hear a shout!
The orc throws a poisoned tomahawk.
The poisoned tomahawk barely misses you.
The orc moves out of view.
The leopard gecko hisses angrily.
The leopard gecko bites you but does no damage.
Casting: Freeze (safe; 3% risk of failure)
Confirm with . or Enter, or press ? or * to list all spells.
Aiming: Freeze (safe; 3% risk of failure)
Press: ? - help, Shift-Dir - straight line, f - leopard gecko
Aim: a leopard gecko You feel a surge of power!
You freeze the leopard gecko.
The leopard gecko is heavily wounded.
The leopard gecko bites you.
Casting: Freeze (safe; 3% risk of failure)
Confirm with . or Enter, or press ? or * to list all spells.
Aiming: Freeze (safe; 3% risk of failure)
Press: ? - help, Shift-Dir - straight line, f/p - leopard gecko
Aim: a leopard gecko (heavily wounded)
You feel a surge of power!
You freeze the leopard gecko!
You kill the leopard gecko!
Casting: Freeze (safe; 3% risk of failure)
Confirm with . or Enter, or press ? or * to list all spells.
You can't see any susceptible monsters within range! (Use Z to cast anyway.)
The orc throws a poisoned tomahawk.
The poisoned tomahawk hits you.
You see here a ration {!d}.
The orc throws a poisoned tomahawk.
The poisoned tomahawk hits you!
The orc throws a poisoned tomahawk.
The poisoned tomahawk closely misses you.
Casting: Freeze (safe; 3% risk of failure)
Confirm with . or Enter, or press ? or * to list all spells.
Aiming: Freeze (safe; 3% risk of failure)
Press: ? - help, Shift-Dir - straight line, f - orc
Aim: an orc, wearing a cursed +0 leather armour You feel a surge of power!
You freeze the orc!
You kill the orc!
The orc throws a poisoned tomahawk.
The poisoned tomahawk closely misses you.
An orc comes into view.
Casting: Freeze (safe; 3% risk of failure)
Confirm with . or Enter, or press ? or * to list all spells.
Aiming: Freeze (safe; 3% risk of failure)
Press: ? - help, Shift-Dir - straight line, f - orc
Aim: an orc, wielding a +0 dagger and wearing a +0 ring mail You feel a surge of power!
You freeze the orc!
You kill the orc!
The orc shouts!
You hear a shout!
The orc throws a poisoned tomahawk.
The poisoned tomahawk hits you.
The orc throws a poisoned tomahawk.
The poisoned tomahawk hits you.
* * * LOW HITPOINT WARNING * * *
The orc throws a poisoned tomahawk.
The poisoned tomahawk barely misses you.
You are feeling hungry.
An orc comes into view. It is wielding a -1 club.
The orc shouts!
You hear a shout!
An orc wizard comes into view. It is wielding a +0 dagger.
An orc comes into view.
It is wielding a +0 hand axe of chopping.
Casting: Freeze (safe; 3% risk of failure)
Confirm with . or Enter, or press ? or * to list all spells.
You can't see any susceptible monsters within range! (Use Z to cast anyway.) Unknown command.
As you read the scroll labeled WOIPALI SALE, it crumbles to dust.
The creatures around you are filled with an inner flame!
It was a scroll of immolation.
The orc barely misses you.
Blink to where?
Press: ? - help, Dir - move target cursor You are very lightly contaminated with residual magic.
As you read the scroll labeled GELI TYOKLEZ, it crumbles to dust.
It was a scroll of blinking.
An orc wizard comes into view. It is wielding a +0 dagger.
Found a stone staircase leading up.
The orc shouts!
A hobgoblin comes into view.
You start resting.
Magic restored.
The orc is too close now for your liking.
As you read the scroll labeled ODGHOZ FELO, it crumbles to dust.
It is a scroll of enchant armour.
Your pair of gloves glows green for a moment.
As you read the scroll labeled LAOMOR FINON, it crumbles to dust.
You feel blessed for a moment.
It was a scroll of remove curse.
The orc hits you but does no damage.
As you read the scroll labeled JURICRI TUJI, it crumbles to dust.
It is a scroll of enchant weapon.
Your +0 dagger glows red for a moment.
The orc hits you with a cursed -1 club!
You die...

.. #.....########
#####......g.......#
......... ###o...#
....#... #..o...#
$.....# #.##@..#
...... #.######
..†.# ###.# ....#
##...# o...# ##..###
%...# # #..##
oo#####.#.#### #)#
#.......# #.##
#...!.....#


You could see an orc wizard (inner flame) and an orc (inner flame).

Vanquished Creatures
  An adder (D:3)
  3 gnolls
  2 dart slugs (D:2)
  2 leopard geckos
  3 orcs (D:3)
  3 bats
  A giant cockroach (D:2)
  3 kobolds (D:2)
  3 rats (D:1)
21 creatures vanquished.

Notes
Turn   | Place    | Note
-------+----------+-------------------------------------------
     0 | D:1      | MisterOstroum the Avariel Ice Elementalist began the quest
                  | for the Orb.
     0 | D:1      | Reached XP level 1. HP: 10/10 MP: 6/6
   422 | D:1      | Reached skill level 1 in Fighting
   794 | D:2      | Reached XP level 2. HP: 8/16 MP: 3/7
  1008 | D:1      | Reached XP level 3. HP: 21/21 MP: 1/9
  1054 | D:1      | Learned a level 2 spell: Throw Frost
  1058 | D:1      | Learned a level 3 spell: Ozocubu's Armour
  1739 | D:3      | Got a clouded platinum ring
  1740 | D:3      | Identified the ring of Ewura {Ice rPois} (You found it on
                  | level 3 of the Dungeon)
  1766 | D:3      | Reached XP level 4. HP: 26/26 MP: 8/10
  1836 | D:3      | Slain by an orc

Skill      XL: |  1  2  3 |
---------------+----------+-----
Fighting       | 1 2 |  2.0
Spellcasting   | 3 |  3.2
Dodging        | |  2.1
Stealth        | |  2.6
Conjurations   | |  1.5
Charms         | |  0.4
Ice Magic      | |  3.5

Action                   |  1- 3 |  4- 6 || total
-------------------------+-------+-------++-------
Melee: Dagger            |     3 |       ||     3
 Cast: Freeze            |    31 |     5 ||    36
  Use: Scroll            |       |     5 ||     5
 Stab: Sleeping          |     1 |       ||     1
  Eat: Chunk             |     3 |       ||     3
Armor: Robe              |     5 |     2 ||     7
Dodge: Dodged            |    18 |     5 ||    23
